 Dungeon Crawl Stone Soup version 0.32-a0-996-gb3226c2 (webtiles) character file.

Game seed: 12309896941089477070

122174 domd3 the Fencer (level 16, -2/112 HPs)
             Began as a Tengu Gladiator on Apr 23, 2024.
             Was a High Priest of Elyvilon.
             Slain by a nagaraja
             ... wielding a +0 whip
              (15 damage)
             ... on level 2 of the Snake Pit.
             The game lasted 01:03:51 (24954 turns).

domd3 the Fencer (Tengu Gladiator)                 Turns: 24954, Time: 01:03:52

Health: -2/112     AC: 19    Str: 14    XL:     16   Next: 87%
Magic:  12/20      EV:  9    Int: 12    God:    Elyvilon [*****.]
Gold:   1528       SH:  0    Dex: 29    Spells: 11/15 levels left

rFire   . . .        a - +3 great sword (venom)
rCold   + . .        (shield currently unavailable)
rNeg    . . .        V - +2 chain mail {rPois}
rPois   +            c - +0 hat
rElec   .            u - scarf {repulsion}
rCorr   .            Z - +2 pair of gloves
SInv    +            (boots unavailable)
Will    +....        x - amulet of regeneration Stlth
                     W - ring of Ythronedu {rC+ SInv}
HPRegen 1.18/turn    T - +6 ring of dexterity
MPRegen 0.17/turn

%: repel missiles, acrobat, clarity
@: lethally poisoned (-2 -> -10), divinely vigorous, untranslocatable, flying,
constricted, studying Ice Magic
A: beak, talons 3, evasive flight, acrobatic, clarity, clever 1, low MP 1
a: Renounce Religion, Purification, Heal Other, Heal Self, Divine Vigour


You were on level 2 of the Snake Pit.
You worshipped Elyvilon.
Elyvilon was extremely pleased with you.
You visited 4 branches of the dungeon, and saw 23 of its levels.
You also visited: Sewer and Gauntlet.

You collected 1737 gold pieces.
You spent 209 gold pieces at shops.

Inventory:

Hand Weapons
 a - a +3 great sword of venom (weapon)
 b - a +3 scimitar of flaming
 N - the +5 rapier of Departure {freeze, rElec rC+}
   (You found it on level 10 of the Dungeon)

   rC+:       It protects you from cold.
   rElec:     It insulates you from electricity.
Missiles
 e - 4 javelins
 i - 6 silver javelins
 t - 2 curare-tipped darts
Armour
 c - a +0 hat (worn)
 f - a scarf of invisibility
 u - a scarf of repulsion (worn)
 C - a +1 cloak of preservation
 U - +0 acid dragon scales
 V - a +2 chain mail of poison resistance (worn)
 Z - a +2 pair of gloves (worn)
Jewellery
 x - an amulet of regeneration (around neck)
 K - a +6 ring of strength
 T - a +6 ring of dexterity (right hand)
 W - the ring of Ythronedu (left hand) {rC+ SInv}
   (You found it in a Gauntlet)

   [ring of see invisible]

   rC+:       It protects you from cold.
   SInv:      It lets you see invisible.
Wands
 v - a wand of flame (3)
 E - a wand of quicksilver (8)
 H - a wand of mindburst (3)
 I - a wand of paralysis (14)
 P - a wand of warping (15)
 Q - a wand of digging (7)
 S - a wand of polymorph (4)
Scrolls
 d - 2 scrolls of identify
 j - 4 scrolls of teleportation
 m - 3 scrolls of noise
 n - a scroll of silence
 o - 4 scrolls of poison
 q - 5 scrolls of vulnerability
 r - a scroll of summoning
 s - 2 scrolls of immolation
 y - 5 scrolls of fog
 B - a scroll of blinking
 G - a scroll of revelation
 L - 5 scrolls of amnesia
 Y - a scroll of enchant weapon
Potions
 g - 3 potions of heal wounds
 h - 5 potions of might
 k - 2 potions of magic
 l - 6 potions of lignification
 p - 2 potions of invisibility
 z - 3 potions of attraction
 A - 5 potions of haste
 D - 4 potions of enlightenment
 F - 2 potions of brilliance
 J - 2 potions of ambrosia
 M - 3 potions of curing
Miscellaneous
 X - a tin of tremorstones (2/2)


   Skills:
 - Level 10.4 Fighting
 + Level 16.0 Long Blades
 - Level 2.0 Throwing
 + Level 15.4 Armour
 - Level 11.4 Dodging
 - Level 4.0 Shields
 + Level 13.8 Summonings
 - Level 13.8 Air Magic
 - Level 5.1 Invocations
 - Level 4.0 Evocations


You had 11 spell levels left.
You knew the following spells:

 Your Spells              Type           Power      Damage    Failure   Level
a - Summon Lightning Spi  Summ/Air       33%        N/A       9%          4

Your spell library contained the following spells:

 Spells                   Type           Power      Damage    Failure   Level
 Summon Small Mammal      Summ           100%       N/A       1%          1
 Call Imp                 Summ           66%        N/A       1%          2
 Call Canine Familiar     Summ           33%        N/A       2%          3
 Swiftness                Air            33%        N/A       2%          3
 Airstrike                Air            16%        2d(3-19)  9%          4
 Shock                    Conj/Air       64%        1d7       14%         1
 Static Discharge         Conj/Air       32%        3-5/arc   22%         2
 Mephitic Cloud           Conj/Alch/Air  11%        N/A       71%         3
 Animate Armour           Summ/Erth      32%        N/A       80%         4
 Summon Blazeheart Golem  Fire/Summ      16%        N/A       80%         4
 Apportation              Tloc           0%         N/A       93%         1
 Kiss of Death            Conj/Necr      0%         2d5       93%         1
 Slow                     Hex            0%         N/A       93%         1
 Ensorcelled Hibernation  Hex/Ice        0%         N/A       98%         2
 Jinxbite                 Hex            0%         N/A       98%         2
 Momentum Strike          Conj/Tloc      0%         3d8       98%         2
 Sublimation of Blood     Necr           0%         N/A       98%         2
 Silence                  Hex/Air        8%         N/A       98%         5
 Summon Mana Viper        Hex/Summ       16%        N/A       98%         5
 Confusing Touch          Hex            0%         N/A       100%        3
 Dazzling Flash           Conj/Hex       0%         N/A       100%        3
 Frozen Ramparts          Ice            0%         1d1       100%        3
 Ozocubu's Armour         Ice            0%         N/A       100%        3
 Passwall                 Erth           0%         N/A       100%        3
 Sigil of Binding         Hex            0%         N/A       100%        3
 Stone Arrow              Conj/Erth      0%         3d7       100%        3
 Brom's Barrelling Bould  Conj/Erth      0%         2d3       100%        4
 Dispel Undead            Necr           0%         3d6       100%        4
 Leda's Liquefaction      Alch/Erth      0%         N/A       100%        4
 Passage of Golubria      Tloc           0%         N/A       100%        4
 Petrify                  Alch/Erth      0%         N/A       100%        4
 Alistair's Intoxication  Alch           0%         N/A       100%        5
 Fireball                 Conj/Fire      0%         3d3       100%        5
 Iskenderun's Battlesphe  Conj           0%         2d6       100%        5
 Metabolic Englaciation   Hex/Ice        0%         N/A       100%        5
 Yara's Violent Unravell  Hex/Alch       0%         3d3       100%        5
 Conjure Ball Lightning   Conj/Air       8%         3x3d6     100%        6
 Dispersal                Tloc           0%         N/A       100%        6
 Enfeeble                 Hex            0%         N/A       100%        7
 Orb of Destruction       Conj           0%         9d5       100%        7
 Seismic Cannonade        Alch/Erth      0%         6d4       100%        7
 Spellforged Servitor     Conj/Summ      8%         N/A       100%        7
 Summon Hydra             Summ           16%        N/A       100%        7
 Lehudib's Crystal Spear  Conj/Erth      0%         10d2      100%        8


Dungeon Overview and Level Annotations

Branches:
Dungeon (15/15) Zot: 25282  Temple (1/1) D:4 Zot: 5998    Lair (5/5) D:10 Zot: 23111
 Shoals (0/4) Lair:2        Snake (2/4) Lair:3 Zot: 10205   Slime (0/5) Lair:4
    Orc (0/2) D:10         Vaults (0/5) D:13         Depths (0/4) D:15
  Sewer (visited)         Gauntlet (visited)

Altars:
Ashenzari
Cheibriados
Dithmenos
Elyvilon
Fedhas
Gozag
Hepliaklqana
Kikubaaqudgha
Makhleb
Nemelex Xobeh
Okawaru
Qazlal
Ru
Sif Muna
Trog
Uskayaw
Vehumet
Wu Jian
Xom
Yredelemnul
Zin
The Shining One
Jiyva

Shops:
D:11 [

Annotations:
Lair:4 1 runed translucent door


Innate Abilities, Weirdness & Mutations

You have a beak for a mouth.
You have claws for feet.
Your magical flight helps you evade attacks. (EV +4)
You can magically evade attacks while moving or waiting.
You possess an exceptional clarity of mind.
Your mind is acute. (Int +4, Str/Dex -1)
Your magical capacity is low. (-10% MP)


Message History

Your lightning spire disappears in a puff of smoke!
The black mamba completely misses you. The nagaraja spits poison at you.
The splash of poison is repelled.
The black mamba completely misses you.
You are healed.
The black mamba barely misses you. The nagaraja hits you with a +0 whip!
The nagaraja grabs you. The nagaraja constricts you. The black mamba bites you!
You hit the nagaraja but do no damage.
You claw the nagaraja, but do no damage.
The nagaraja is severely wounded.
The nagaraja hits you with a +0 whip!!
* * * LOW HITPOINT WARNING * * *
The nagaraja constricts you.
* * * LOW HITPOINT WARNING * * *
The black mamba bites you!
* * * LOW HITPOINT WARNING * * *
The nagaraja completely misses you. The nagaraja constricts you.
Elyvilon protects you from harm!
You are healed.
The black mamba bites you!
* * * LOW HITPOINT WARNING * * *
The nagaraja spits poison at you. The splash of poison hits you!
You are poisoned.
You resist.
* * * LOW HITPOINT WARNING * * *
The nagaraja constricts you.
The black mamba bites you but does no damage.
You feel much better.
You feel very sick. The black mamba bites you!
* * * LOW HITPOINT WARNING * * *
The nagaraja hits you with a +0 whip!
* * * LOW HITPOINT WARNING * * *
The nagaraja constricts you.
* * * LOW HITPOINT WARNING * * *
The naga spits poison at you.
The splash of poison is repelled.
The black mamba bites you but does no damage.
The nagaraja hits you with a +0 whip!
You die...

....#..........
....#...........
...............
#........N..#
#...........#
#...........#
#...|S....[.#
######
#...N@......#
.....#
#...........##
.###.####
#.............
.# #....#
#............#
.# ####.#
####...#####.#
###.###.# #..###
# ##......# #.##
##...##.# #.#
####...#######.#


You could see a nagaraja (fast, very poisoned, catching breath), a black mamba
and a naga (catching breath).

Vanquished Creatures
  Jorgrun (Snake:2)
  The ghost of Ludygir the Fighter, an adept DrSh of Wu Jian (Snake:1)
  Kirke (Lair:5)
  A reaper (Gauntlet)
  A stone giant (D:15)
  Nessos (D:12)
  A minotaur (Gauntlet)
  A dire elephant (Lair:5)
  Azrael (D:13)
  An ettin (D:13)
  7 hydras
  5 anacondas
  4 centaur warriors
  13 death yaks
  3 catoblepae
  2 two-headed ogres
  A deep troll shaman (Lair:5)
  4 boulder beetles
  4 tengu warriors
  A naga sharpshooter (Snake:1)
  2 naga warriors
  4 deep elf knights (D:13)
  4 sun demons (D:15)
  2 skysharks (Lair:5)
  A wretched star (Gauntlet)
  2 sixfirhies (D:15)
  9 skeletal warriors
  A deep troll (D:15)
  2 mana vipers
  A harpy (shapeshifter) (D:14)
  Pikel (D:4)
  3 orc knights
  3 necromancers
  3 deep elf pyromancers
  2 phantasmal warriors (D:13)
  6 ugly things
  A deep elf zephyrmancer (D:13)
  An oklob plant (Gauntlet)
  2 cyclopes (D:13)
  9 salamanders
  Maurice (D:11)
  4 manticores
  21 elephants
  13 black mambas
  6 naga magi
  4 centaur skeletons (D:13)
  A gargoyle (D:12)
  2 minotaur zombies (Gauntlet)
  2 unseen horrors
  11 cane toads
  A torpor snail (Lair:4)
  A rime drake (Lair:1)
  An efreet (D:15)
  A freezing wraith (D:15)
  9 komodo dragons
  5 yaktaurs (D:14)
  An ice devil (D:15)
  2 tengu conjurers
  4 merfolk
  2 hellwings
  2 polar bears
  A red devil (D:15)
  4 trolls
  8 blink frogs
  2 nameless horrors
  13 slime creatures
  A centaur simulacrum (D:14)
  3 shadows
  4 wraiths
  A wyvern (shapeshifter) (D:13)
  A yak (shapeshifter) (D:15)
  5 wyverns
  3 hogs (Lair:4)
  A ynoxinul (D:15)
  A water elemental (D:13)
  47 yaks
  4 fire elementals (D:13)
  3 basilisks
  A steam dragon (D:10)
  3 vampire mosquitoes (D:10)
  2 neqoxecs
  9 nagas
  A warg (D:15)
  3 acid dragons
  Pargi (Sewer)
  19 water moccasins
  7 orc warriors
  A swamp drake (D:10)
  5 black bears
  An ice beast (D:7)
  4 laughing skulls (D:14)
  2 sky beasts
  29 wolves
  6 centaurs
  2 ogres
  A small abomination (Gauntlet)
  2 phantoms (D:5)
  Blork the orc (D:4)
  2 kobold brigands
  10 bullfrogs
  2 brain worms (Sewer)
  A gnoll sergeant (D:7)
  A burial acolyte (D:8)
  11 electric eels
  3 howler monkeys
  3 hounds
  A jelly (D:7)
  9 orc priests
  Crazy Yiuf (D:4)
  5 iguanas
  2 sleepcaps
  Jessica (D:3)
  15 orc wizards
  A polar bear simulacrum (Lair:2)
  4 hell rats (Lair:2)
  2 yak simulacra (Lair:2)
  3 wolf simulacra (Lair:2)
  2 hound zombies (D:8)
  Robin (D:1)
  5 gnolls (D:8)
  A river rat (Lair:2)
  6 adders
  4 shadow imps
  A white imp (D:6)
  4 ufetubi
  An adder zombie (D:8)
  3 dart slugs
  4 ribbon worms
  53 orcs
  11 ball pythons
  6 endoplasms
  4 giant cockroaches
  4 gnoll zombies (D:8)
  19 goblins
  16 hobgoblins
  3 jackals (D:3)
  5 quokkas
  7 bats
  10 frilled lizards
  16 kobolds
  4 rats (D:1)
  5 river rat simulacra (Lair:2)
681 creatures vanquished.

Vanquished Creatures (collateral kills)
  Josephine (D:14)
  2 anacondas
  2 tengu warriors (D:14)
  A soul eater (D:15)
  An orc knight (D:13)
  An ugly thing (D:15)
  A salamander (Snake:2)
  An elephant (Lair:5)
  A black mamba (shapeshifter) (D:14)
  A wraith (D:14)
  A nameless horror (D:15)
  2 orcs (D:15)
15 creatures vanquished.

Grand Total: 696 creatures vanquished

Notes
Turn   | Place    | Note
-------+----------+-------------------------------------------
     0 | D:1      | domd3 the Tengu Gladiator began the quest for the Orb.
     0 | D:1      | Reached XP level 1. HP: 12/12 MP: 2/2
   209 | D:1      | Reached XP level 2. HP: 17/17 MP: 3/3
   429 | D:1      | Found a faded altar of an unknown god.
   482 | D:1      | Reached skill level 1 in Armour
   790 | D:2      | Noticed Robin
   795 | D:1      | Reached XP level 3. HP: 19/21 MP: 4/4
   843 | D:1      | Killed Robin
   880 | D:1      | Reached skill level 4 in Long Blades
   888 | D:1      | Reached XP level 4. HP: 10/27 MP: 5/5
  1453 | D:2      | Found a white marble altar of Elyvilon.
  1459 | D:2      | Became a worshipper of Elyvilon the Healer
  1736 | D:3      | Reached XP level 5. HP: 30/32 MP: 6/6
  2056 | D:3      | Found a glowing drain.
  2078 | Sewer    | Entered a sewer
  2117 | Sewer    | Reached XP level 6. HP: 37/37 MP: 7/7
  2190 | Sewer    | Noticed Pargi
  2208 | Sewer    | Killed Pargi
  2209 | Sewer    | Reached skill level 5 in Long Blades
  2209 | Sewer    | Reached skill level 5 in Dodging
  2211 | Sewer    | Gained mutation: Your magical flight helps you evade
                  | attacks. (EV +4) [Tengu growth]
  2211 | Sewer    | Reached XP level 7. HP: 42/42 MP: 8/8
  2366 | D:3      | Noticed Jessica
  2371 | D:3      | Killed Jessica
  2380 | D:3      | Got Jessica's Encyclopedia of Fascination
  2697 | D:4      | Reached * piety under Elyvilon
  2730 | D:4      | Noticed Blork the orc
  2743 | D:4      | Killed Blork the orc
  2827 | D:4      | Identified the +3 hammer "Houw" {holy, Will+}
  2836 | D:4      | Found a runed translucent door.
  2837 | D:4      | Noticed Crazy Yiuf
  2851 | D:4      | Killed Crazy Yiuf
  2888 | D:4      | Found an opulent altar of Gozag.
  2888 | D:4      | Found a sparkling altar of Nemelex Xobeh.
  2920 | D:4      | Noticed Pikel
  2943 | D:4      | Killed Pikel
  2944 | D:4      | Reached skill level 5 in Fighting
  2944 | D:4      | Reached skill level 6 in Long Blades
  2944 | D:4      | Reached XP level 8. HP: 35/49 MP: 9/9
  3155 | D:4      | Found a radiant altar of Vehumet.
  3158 | D:4      | Found a basalt altar of Yredelemnul.
  3181 | D:4      | Found a staircase to the Ecumenical Temple.
  3196 | Temple   | Entered the Ecumenical Temple
  3569 | D:5      | Entered Level 5 of the Dungeon
  3578 | D:5      | Reached skill level 5 in Armour
  3583 | D:5      | Reached ** piety under Elyvilon
  4088 | D:5      | Found a bloodstained altar of Trog.
  4312 | D:6      | Reached *** piety under Elyvilon
  4338 | D:6      | Reached skill level 7 in Long Blades
  4338 | D:6      | Reached XP level 9. HP: 55/55 MP: 10/10
  5380 | D:8      | Reached skill level 1 in Shields
  5392 | D:8      | Reached **** piety under Elyvilon
  5655 | D:8      | Reached skill level 8 in Long Blades
  5670 | D:8      | Reached XP level 10. HP: 59/63 MP: 11/11
  5746 | D:8      | Found an ancient bone altar of Kikubaaqudgha.
  6477 | D:9      | Reached skill level 1 in Invocations
  6865 | D:10     | Entered Level 10 of the Dungeon
  6956 | D:10     | Reached ***** piety under Elyvilon
  7019 | D:10     | Found a staircase to the Lair.
  7268 | D:10     | Identified the +5 rapier of Departure {freeze, rElec rC+}
  7547 | D:9      | Reached skill level 9 in Long Blades
  7894 | D:10     | Found a staircase to the Orcish Mines.
  8151 | Lair:1   | Entered Level 1 of the Lair of Beasts
  8216 | Lair:1   | Reached XP level 11. HP: 68/68 MP: 14/14
  8476 | Lair:1   | Identified the +11 flail "Piarras" {distort, rElec rF-
                  | rCorr Stlth+}
  8827 | Lair:1   | Reached skill level 10 in Long Blades
  8995 | Lair:1   | Reached skill level 10 in Dodging
  9156 | Lair:1   | Found a radiant altar of Vehumet.
  9424 | D:10     | Learned a level 4 spell: Summon Lightning Spire
  9838 | D:11     | Reached skill level 1 in Air Magic
  9859 | D:11     | Reached skill level 1 in Summonings
  9950 | D:11     | Noticed Maurice
  9954 | D:11     | Noticed a boulder beetle
  9955 | D:11     | Killed Maurice
  9956 | D:11     | Reached XP level 12. HP: 76/76 MP: 16/16
 10046 | D:10     | Reached skill level 5 in Invocations
 10129 | D:11     | Killed a boulder beetle
 10148 | D:11     | Found Rabut's Antique Armour Boutique.
 10157 | D:11     | Bought a distressingly furry chain mail for 209 gold pieces
 10157 | D:11     | Identified the +2 chain mail of Patwujeh {Harm} (You bought
                  | it in a shop on level 11 of the Dungeon)
 10167 | D:11     | You are sucked into a shaft and drop 3 floors!
 10260 | D:14     | Noticed Josephine
 10327 | D:13     | Noticed a centaur warrior
 10332 | D:13     | Noticed Azrael
 10332 | D:13     | Noticed a centaur warrior
 10435 | D:12     | Noticed a two-headed ogre
 10637 | D:12     | Noticed Nessos
 10640 | D:12     | Noticed a boulder beetle
 10815 | D:12     | Killed Nessos
 10816 | D:12     | Reached skill level 10 in Armour
 10883 | D:12     | Killed a boulder beetle
 10884 | D:12     | Reached skill level 1 in Evocations
 10941 | D:12     | Killed a two-headed ogre
 11169 | D:12     | Reached ****** piety under Elyvilon
 11751 | D:13     | Reached skill level 11 in Long Blades
 11766 | D:13     | Noticed a deep elf knight
 11767 | D:13     | Noticed a centaur warrior
 11797 | D:13     | Killed a centaur warrior
 11798 | D:13     | Reached skill level 10 in Fighting
 11798 | D:13     | Reached skill level 5 in Air Magic
 11798 | D:13     | Reached XP level 13. HP: 62/82 MP: 17/17
 11881 | D:13     | Reached skill level 5 in Summonings
 12786 | Lair:2   | Found a staircase to the Shoals.
 14054 | Lair:3   | Reached skill level 12 in Long Blades
 14230 | Lair:3   | Found a staircase to the Snake Pit.
 14734 | Lair:4   | Reached XP level 14. HP: 88/88 MP: 18/18
 14756 | Lair:4   | Found a gate leading to a gauntlet.
 14811 | Gauntlet | Entered a Gauntlet
 14811 | Gauntlet | Found a transporter.
 14811 | Gauntlet | Found a transporter.
 14811 | Gauntlet | Found a large runed translucent door.
 14811 | Gauntlet | Found a large runed translucent door.
 14811 | Gauntlet | Found a large runed translucent door.
 14811 | Gauntlet | Found a large runed translucent door.
 14811 | Gauntlet | Found a large runed translucent door.
 14811 | Gauntlet | Found a large runed translucent door.
 14811 | Gauntlet | Found a runed translucent door.
 14811 | Gauntlet | Found a runed translucent door.
 14811 | Gauntlet | Found a large runed translucent door.
 14811 | Gauntlet | Found a large runed translucent door.
 14811 | Gauntlet | Found a large runed translucent door.
 14811 | Gauntlet | Found a large runed translucent door.
 14811 | Gauntlet | Found a large runed translucent door.
 14811 | Gauntlet | Found a large runed translucent door.
 14815 | Gauntlet | Found a transporter.
 14815 | Gauntlet | Found a transporter.
 14816 | Gauntlet | Found a large runed translucent door.
 14816 | Gauntlet | Found a large runed translucent door.
 14816 | Gauntlet | Found a large runed translucent door.
 14816 | Gauntlet | Found a large runed translucent door.
 14831 | Gauntlet | Found a transporter.
 14832 | Gauntlet | Noticed a reaper
 14835 | Gauntlet | Found a transporter.
 14835 | Gauntlet | Found a transporter.
 14840 | Gauntlet | Found a transporter.
 14867 | Gauntlet | Found a transporter.
 14876 | Gauntlet | Found a transporter.
 14896 | Gauntlet | Found a transporter.
 14916 | Gauntlet | Found a runed translucent gate.
 14916 | Gauntlet | Found a runed translucent gate.
 14916 | Gauntlet | Found a runed translucent gate.
 14918 | Gauntlet | Found a transporter.
 14964 | Gauntlet | Found a transporter.
 14982 | Gauntlet | Found a transporter.
 15081 | Gauntlet | Found a transporter.
 15095 | Gauntlet | Found a transporter.
 15315 | Gauntlet | Killed a reaper
 15330 | Gauntlet | Identified the ring of Ythronedu {rC+ SInv}
 15350 | Gauntlet | Identified the staff "Nesy" {rN+ Necro Air}
 15381 | Gauntlet | Identified the +0 ring mail "Tuviqux" {rElec rF+}
 16000 | Lair:4   | Found a runed translucent door.
 16002 | Lair:4   | Found a viscous altar of Jiyva.
 16007 | Lair:4   | Found a staircase to the Slime Pits.
 16007 | Lair:4   | Noticed an acid blob
 16450 | Lair:5   | Entered Level 5 of the Lair of Beasts
 16476 | Lair:5   | Reached skill level 13 in Long Blades
 16622 | Lair:5   | Reached skill level 10 in Air Magic
 16671 | Lair:5   | Noticed Kirke
 16723 | Lair:5   | Killed Kirke
 17503 | Lair:5   | Reached skill level 10 in Summonings
 17621 | Lair:5   | Reached XP level 15. HP: 76/93 MP: 12/19
 18961 | D:13     | Killed Azrael
 18966 | D:13     | Reached skill level 14 in Long Blades
 19276 | D:13     | Found a gate to the Vaults.
 19961 | D:13     | Found the +5 Lochaber axe {reach-cleave, Poleaxe ^Drain}
 20918 | D:14     | Got the Treatise on Translocation and Hexes
 21113 | D:14     | Killed Josephine
 21361 | D:15     | Entered Level 15 of the Dungeon
 21509 | D:15     | Gained mutation: You are clumsy. (Dex -2) [a neqoxec]
 21511 | D:15     | Gained mutation: Your health recovers twice as slowly from
                  | being drained. [a neqoxec]
 21544 | D:15     | Lost mutation: Your health recovers twice as slowly from
                  | being drained. [potion of mutation]
 21544 | D:15     | Lost mutation: You are clumsy. (Dex -2) [potion of
                  | mutation]
 21544 | D:15     | Gained mutation: Armour fits poorly on your strangely
                  | shaped body. [potion of mutation]
 21545 | D:15     | Lost mutation: Armour fits poorly on your strangely shaped
                  | body. [potion of mutation]
 21545 | D:15     | Gained mutation: Your magical capacity is low. (-10% MP)
                  | [potion of mutation]
 21545 | D:15     | Gained mutation: Your mind is acute. (Int +4, Str/Dex -1)
                  | [potion of mutation]
 21545 | D:15     | Gained mutation: You possess an exceptional clarity of
                  | mind. [potion of mutation]
 21704 | D:15     | Reached XP level 16. HP: 98/98 MP: 18/18
 22097 | D:15     | Reached skill level 15 in Long Blades
 22401 | D:15     | Found a staircase to the Depths.
 23151 | Snake:1  | Entered Level 1 of the Snake Pit
 23204 | Snake:1  | Found a runed translucent door.
 23207 | Snake:1  | Noticed Ludygir's ghost (adept DrSh)
 23248 | Snake:1  | Killed Ludygir's ghost
 23881 | Snake:1  | Reached skill level 15 in Armour
 24932 | Snake:2  | Noticed Jorgrun
 24934 | Snake:2  | Noticed a nagaraja
 24942 | Snake:2  | Killed Jorgrun
 24945 | Snake:2  | Reached skill level 16 in Long Blades
 24952 | Snake:2  | HP: 2/112 [black mamba (12)]
 24952 | Snake:2  | Elyvilon protects you from harm!
 24954 | Snake:2  | Slain by a nagaraja

Illustrated notes

Levels and vault maps discovered:
D:1:      matt_arrival_spirals, layout_loops_ring, ebering_ecumenical_altar_webs
D:2:      layout_loops_ring, basic_altar, st_stairs_8, kennysheep_path_1,
          uniq_robin
D:3:      layout_rooms, cheibrodos_sewer_entry_bend, kennysheep_jessica_study
D:4:      layout_loops_corners, grunt_temple_overflow_opulence,
          mainiacjoe_overflow_catwalk_spiral, minmay_temple_entry_junction,
          uniq_blork_the_orc, uniq_crazy_yiuf_cottage, uniq_pikel
D:5:      layout_basic, trog_hazing_becter, serial_glass, glass_columns_b,
          glass_columns_a, glass_columns_a, glass_columns_a,
          serial_library_hellmonk_open_cross
D:6:      layout_cave_pools, kennysheep_generic_room_14
D:7:      layout_basic
D:8:      layout_basic, regret_index_kikubaaqudgha_part_by_part
D:9:      layout_basic
D:10:     layout_loops_ring, david_lair_shrubbed, erik_orc_1
D:11:     layout_cave_pools, serial_shops, shop, uniq_maurice
D:12:     layout_long_grid, uniq_nessos
D:13:     layout_basic, hangedman_vaults_entry_quadrant_bands,
          nicolae_guarded_unrand_lochaber, uniq_azrael
D:14:     layout_stronghold, roderic_roman_lattice, uniq_josephine
D:15:     hangedman_depths_entry_civil_slaughter, layout_loops_ring,
          serial_demonic, serial_demonic_e, serial_demonic_d, serial_demonic_d,
          serial_demonic_g, grunt_ministairs_12
Temple:   nicolae_temple_bog_church
Lair:1:   layout_regular_city, basic_altar, grunt_megastairs_5,
          infiniplex_staircase_pool_2
Lair:2:   layout_roguey, elwin_shoals_entry_stream, eino_house_with_fridge,
          infiniplex_staircase_pool, serial_bayou_shore_a
Lair:3:   layout_misc_corridors, guppyfry_snake_entry_garden, grunt_megastairs_3
Lair:4:   layout_small_grid, slime_entry_2, gauntlet_entry_generic
Lair:5:   grunt_lair_end_beastmaster, layout_layer_cave, uniq_kirke
Snake:1:  layout_grid_maze, hellmonk_ghost_happy_afterlife
Snake:2:  layout_basic, nicolae_snake_salamander_jacuzzi, uniq_jorgrun

Skill      XL: |  1  2  3  4  5  6  7  8  9 10 11 12 13 14 15 16 |
---------------+-------------------------------------------------+-----
Armour         | 1 2 3 4 5 7 8 9 10 11 12 14 15 | 15.4
Long Blades    | 4 5 6 7 8 9 10 11 12 13 14 16 | 16.0
Dodging        | 4 5 6 8 9 10 11 | 11.4
Fighting       | 3 5 7 8 9 10 | 10.4
Shields        | 2 4 |  4.0
Invocations    | 2 4 5 |  5.1
Air Magic      | 1 5 8 10 13 | 13.8
Summonings     | 1 4 7 10 12 13 | 13.8
Evocations     | 2 4 |  4.0
Throwing       | |  2.0

Action                     |  1- 3 |  4- 6 |  7- 9 | 10-12 | 13-15 | 16-18 || total
---------------------------+-------+-------+-------+-------+-------+-------++-------
  Melee: Dagger            |    61 |   156 |   371 |     2 |       |       ||   590
         Kick              |    15 |    48 |   145 |   285 |   425 |   114 ||  1032
         Long sword        |     3 |       |    10 |    70 |       |       ||    83
         Peck              |    12 |    29 |    73 |   215 |   297 |    74 ||   700
         Falchion          |       |       |       |   644 |    22 |       ||   666
         Great sword       |       |       |       |       |   947 |   275 ||  1222
         Scimitar          |       |       |       |       |     6 |     5 ||    11
  Throw: Throwing net      |     1 |       |       |     2 |     1 |       ||     4
         Dart              |       |       |       |    10 |       |       ||    10
   Cast: Summon Lightning  |       |       |       |       |    39 |    36 ||    75
 Invoke: Heal Self         |       |       |       |     1 |    25 |     7 ||    33
         Purification      |       |       |       |       |     2 |     1 ||     3
         Divine Vigour     |       |       |       |       |       |     1 ||     1
Ability: Evoke Invisibilit |       |       |       |       |     2 |       ||     2
  Evoke: Wand              |       |       |       |    13 |    15 |     2 ||    30
    Use: Scroll            |       |       |       |    25 |    13 |     1 ||    39
         Potion            |       |       |       |     8 |    10 |     4 ||    22
   Stab: Held in net/web   |       |       |       |     3 |     2 |       ||     5
         Paralysed         |       |       |       |     7 |       |       ||     7
         Invisible         |       |       |       |       |     6 |       ||     6
         Distracted        |       |       |       |       |     6 |     9 ||    15
         Petrified         |       |       |       |       |     1 |       ||     1
 Armour: Chain mail        |    62 |   107 |   167 |   333 |   729 |   223 ||  1621
         Skin              |       |       |       |       |     4 |       ||     4
         Acid dragon scale |       |       |       |       |     1 |       ||     1
  Dodge: Dodged            |    36 |   116 |   231 |   567 |  1233 |   242 ||  2425
         Repelled          |       |     3 |     5 |     9 |    25 |    15 ||    57
  Block: Buckler           |       |       |    24 |   199 |       |       ||   223

Table legend: (Time is in decaauts)
 A = Elapsed time spent in this place.
 B = Non-inter-level travel time spent in this place.
 C = Inter-level travel time spent in this place.
 D = Time resting spent in this place.
 E = Time spent auto-exploring this place.
 F = Levels seen in this place.
 G = Mean time per level.
                   A        B        C        D        E       F      G
               +--------+--------+--------+--------+--------+-----+--------+
         Total |  24807 |  23536 |   1271 |   2373 |  14597 |  25 |  992.3 |
       Dungeon |  15189 |  14314 |    875 |   1353 |   9047 |  15 | 1012.6 |
        Temple |      1 |      1 |      0 |      0 |      0 |   1 |    1.0 |
          Lair |   6888 |   6495 |    393 |    751 |   3824 |   5 | 1377.6 |
     Snake Pit |   1793 |   1791 |      2 |    175 |   1253 |   2 |  896.5 |
         Sewer |    284 |    284 |      0 |      1 |    173 |   1 |  284.0 |
      Gauntlet |    650 |    650 |      0 |     92 |    300 |   1 |  650.0 |
               +--------+--------+--------+--------+--------+-----+--------+

Top non-repeatable levels by time:
    D:13: 2086 daAuts
    D:10: 1804 daAuts
  Lair:5: 1766 daAuts
  Lair:2: 1611 daAuts
    D:15: 1579 daAuts
 Snake:1: 1468 daAuts
  Lair:4: 1314 daAuts
  Lair:1: 1303 daAuts
    D:14: 1254 daAuts
    D:12: 1090 daAuts
     D:4: 1019 daAuts
     D:1: 977 daAuts
  Lair:3: 892 daAuts
    D:11: 854 daAuts
     D:8: 841 daAuts
